 Dungeon Crawl Stone Soup version 0.30-a0-476-g330ca2eb8e (webtiles) character file.

Game seed: 13769313160014912238

100 funkygono the Slasher (level 4, -1/34 HPs)
             Began as a Demonspawn Gladiator on Dec 21, 2022.
             Slain by a gnoll
             ... wielding a +0 whip
              (3 damage)
             ... on level 3 of the Dungeon.
             The game lasted 00:02:40 (1966 turns).

funkygono the Slasher (Demonspawn Gladiator)        Turns: 1966, Time: 00:02:40

Health: -1/34      AC:  4    Str: 14    XL:     4   Next: 47%
Magic:  4/4        EV: 12    Int: 12    God:
Gold:   120        SH:  0    Dex: 14    Spells: 3/3 levels left

rFire   . . .      SeeInvis .    a - +0 long sword
rCold   . . .      Faith    .    (no shield)
rNeg    . . .      Spirit   .    b - +0 leather armour
rPois   .          Reflect  .    c - +0 helmet
rElec   .          Harm     .    (no cloak)
rCorr   .          Rampage  .    (no gloves)
Will    .....                    (no boots)
Stlth   +.........               (no amulet)
HPRegen 0.25/turn                (no ring)
MPRegen 0.18/turn                (no ring)

@: no status effects
A: foul stench 1, magic regeneration
a: no special abilities


You were on level 3 of the Dungeon.
You visited 1 branch of the dungeon, and saw 3 of its levels.

You collected 120 gold pieces.

Inventory:

Hand Weapons
 a - a +0 long sword (weapon)
Missiles
 d - 3 throwing nets (quivered)
 e - a javelin
Armour
 b - a +0 leather armour (worn)
 c - a +0 helmet (worn)
 m - a +0 chain mail
Jewellery
 n - a ring of willpower
 s - a ring of fire
Wands
 o - a wand of paralysis (7)
Scrolls
 f - a scroll of blinking {unknown}
 g - 2 scrolls of magic mapping {unknown}
 i - 2 scrolls of teleportation {unknown}
 j - a scroll of enchant weapon {unknown}
 k - a scroll of brand weapon {unknown}
 w - 2 scrolls of identify {unknown}
Potions
 h - 2 potions of berserk rage {unknown}
 l - a potion of curing {unknown}
 p - a potion of resistance {unknown}
 q - a potion of degeneration {unknown}
 r - 2 potions of cancellation {unknown}
 t - a potion of flight {unknown}
 u - a potion of invisibility {unknown}
 v - a potion of attraction {unknown}


   Skills:
 + Level 2.4 Fighting
 + Level 3.9 Long Blades
 + Level 2.0 Throwing
 + Level 1.0 Armour
 + Level 3.0 Dodging
 + Level 0.2 Stealth


You had 3 spell levels left.
You didn't know any spells.
Your spell library was empty.

Dungeon Overview and Level Annotations

Branches:
Dungeon (3/15)

Altars:


Innate Abilities, Weirdness & Mutations

You may rarely emit foul miasma when damaged in melee.
You regenerate magic rapidly.


Message History

The endoplasm quivers.
The endoplasm misses you.
The gnoll shouts!
The gnoll closely misses you.
You barely miss the gnoll. The gnoll hits you with a +0 whip.
You slash the gnoll!
The gnoll is severely wounded.
The gnoll misses you.
You hit the gnoll but do no damage.
The gnoll is severely wounded.
You barely miss the gnoll. The gnoll barely misses you.
You barely miss the gnoll. The gnoll hits you with a +0 flail.
You hit the gnoll but do no damage. The gnoll misses you.
You slash the gnoll!
The gnoll is severely wounded.
The gnoll misses you.
You slash the gnoll!
You kill the gnoll!
The gnoll hits you with a +0 whip. The gnoll closely misses you.
You slash the gnoll!
You kill the gnoll!
The gnoll closely misses you.
Your Armour skill increases to level 1!
The gnoll hits you with a +0 halberd!
Items here: )) ††.
You barely miss the gnoll. The gnoll completely misses you.
You hit the gnoll.
The gnoll is moderately wounded.
The gnoll closely misses you.
You slash the gnoll!
You kill the gnoll!
The gnoll hits you with a +0 whip.
You hit the gnoll but do no damage. The gnoll hits you with a +0 whip.
* * * LOW HITPOINT WARNING * * *
You barely miss the gnoll. The gnoll hits you with a +0 whip.
* * * LOW HITPOINT WARNING * * *
You closely miss the gnoll. The gnoll hits you with a +0 whip.
* * * LOW HITPOINT WARNING * * *
The gnoll attacks as you move away! The gnoll hits you with a +0 whip.
You die...

##.....###......... #.....#..
.......#.#<####.##. #.##....#
.......#.#.# #. #.#......
.......+.#.# #. #.#......
.......#.### #. #.#......
....#+##.######.# #...g...#
....#.........#.# #.....#.#
......##)####.#.##########....###
....####........@gJ.))...........
....# ######.#########.##.......
....# #.#.....# #.##......# ....#
#.#.###.###......##.# ##### #.#.#
#....###.#.# .# #.#.# ####.#
#.#.# . #...# #.# #.#.# ###.# #.#
#.#.. #.# #.#


You could see a gnoll and an endoplasm.

Vanquished Creatures
  3 gnolls (D:3)
  2 adders (D:2)
  3 worms (D:2)
  2 dart slugs
  2 ball pythons
  4 endoplasms
  2 giant cockroaches
  6 hobgoblins
  2 kobolds (D:1)
  A quokka (D:1)
  2 bats (D:2)
  3 frilled lizards
  6 goblins
  4 rats
42 creatures vanquished.

Notes
Turn   | Place    | Note
-------+----------+-------------------------------------------
     0 | D:1      | funkygono the Demonspawn Gladiator began the quest for the
                  | Orb.
     0 | D:1      | Reached XP level 1. HP: 16/16 MP: 1/1
   145 | D:1      | Gained mutation: You regenerate magic rapidly. [demonic
                  | ancestry]
   145 | D:1      | Reached XP level 2. HP: 22/22 MP: 2/2
   692 | D:2      | Gained mutation: You may rarely emit foul miasma when
                  | damaged in melee. [demonic ancestry]
   692 | D:2      | Reached XP level 3. HP: 18/27 MP: 3/3
  1537 | D:2      | Reached XP level 4. HP: 16/34 MP: 4/4
  1955 | D:3      | Reached skill level 1 in Armour
  1961 | D:3      | HP: 1/34 [gnoll/+0 whip (6)]
  1966 | D:3      | Slain by a gnoll

Illustrated notes

Levels and vault maps discovered:
D:1:      dpeg_arrival_leaves_temple_mockup, layout_basic,
          grunt_decor_one_mirror
D:2:      layout_basic, basic_altar
D:3:      layout_basic

Skill      XL: |  1  2  3  4 |
---------------+-------------+-----
Throwing       | 2 |  2.0
Long Blades    | 3 |  3.9
Dodging        | 3 |  3.0
Armour         | 1 |  1.0
Fighting       | |  2.4
Stealth        | |  0.2

Action                   |  1- 3 |  4- 6 || total
-------------------------+-------+-------++-------
Melee: Long sword        |   124 |    18 ||   142
       Punch             |     1 |       ||     1
 Stab: Sleeping          |     1 |       ||     1
Armor: Leather armour    |    38 |     2 ||    40
Dodge: Dodged            |    78 |    10 ||    88

Table legend: (Time is in decaauts)
 A = Elapsed time spent in this place.
 B = Non-inter-level travel time spent in this place.
 C = Inter-level travel time spent in this place.
 D = Time resting spent in this place.
 E = Time spent auto-exploring this place.
 F = Levels seen in this place.
 G = Mean time per level.
                   A        B        C        D        E       F      G
               +--------+--------+--------+--------+--------+-----+--------+
         Total |   1999 |   1878 |    121 |      0 |   1481 |   3 |  666.3 |
       Dungeon |   1999 |   1878 |    121 |      0 |   1481 |   3 |  666.3 |
               +--------+--------+--------+--------+--------+-----+--------+

Top non-repeatable levels by time:
     D:2: 1277 daAuts
     D:1: 612 daAuts
     D:3: 109 daAuts
